Map: Kairos Junction LE

Players

MaSa - Winner!

  • Race: Terran Terran
  • League: Grandmaster
  • Spawn Location: 5:00

firefly

  • Race: Protoss Protoss
  • League: Gold
  • Spawn Location: 11:00

Event: 2019 WCS Winter Americas

VOD

Have the link to the VOD?

Description

Time

  • Played on: Feb. 15, 2019, 12:49 p.m.
  • Length: 10:24

All games in this series

Show
View Real Time Build Order
Export as new Build Order

MaSa Terran - Winner!

Build Orders:  

Get SALT Encoding   

  12  0:00  SCV  
  13  0:12  SCV  
  14  0:17  Supply Depot  
  14  0:24  SCV  
  15  0:38  SCV  
  15  0:40  Barracks  
  16  0:44  Refinery  
  16  0:50  SCV  
  17  1:03  SCV  
  18  1:15  SCV  
  19  1:26  Marine  
  19  1:28  Orbital Command, Supply Depot  
  20  1:45  Barracks Reactor  
  20  1:54  Command Center  
  20  1:57  SCV  
  21  2:09  Factory  
  21  2:10  SCV  
  22  2:21  Barracks  
  22  2:23  SCV  
  22  2:27  Marine  
  22  2:29  Marine  
  25  2:36  Refinery  
  25  2:37  SCV  
  26  2:45  Marine  
  26  2:46  Marine  
  26  2:50  SCV  
  29  2:52  Factory Tech Lab  
  29  3:02  SCV  
  29  3:04  Marine  
  29  3:05  Marine  
  32  3:07  Orbital Command  
  32  3:09  Barracks Tech Lab  
  32  3:16  Siege Tank  
  35  3:20  SCV  
  35  3:25  Marine x2  
  38  3:29  Marine  
  38  3:31  Combat Shield  
  39  3:34  SCV  
  39  3:36  SCV  
  41  3:41  Supply Depot  
  41  3:42  Marine  
  41  3:43  Marine  
  44  3:49  Siege Tank  
  46  4:00  Supply Depot  
  46  4:02  Marine x2  
  46  4:03  SCV x2  
  50  4:15  SCV, Marine  
  52  4:19  SCV  
  52  4:20  Marine  
  57  4:28  SCV, Barracks  
  57  4:29  Starport  
  57  4:31  SCV  
  56  4:34  Factory Reactor  
  55  4:40  SCV  
  55  4:41  Marine x3  
  55  4:43  SCV  
  60  4:50  Stimpack, Supply Depot  
  60  4:52  SCV  
  61  4:55  SCV, Engineering Bay  
  61  5:00  Marine  
  61  5:04  SCV  
  62  5:10  Bunker  
  62  5:12  SCV  
  63  5:14  Supply Depot  
  63  5:16  SCV  
  63  5:18  Bunker  
  64  5:24  SCV  
  62  5:28  SCV  
  62  5:29  Factory Reactor  
  62  5:34  Marine  
  62  5:35  Marine x2  
  61  5:36  SCV  
  61  5:40  SCV  
  61  5:41  Marauder  
  61  5:43  Terran Infantry Weapons Level 1  
  61  5:44  Supply Depot  
  61  5:45  Medivac  
  61  5:48  SCV  
  63  5:52  SCV, Marine  
  61  6:00  SCV, Command Center, Marine  
  61  6:01  Concussive Shells, Refinery  
  59  6:04  SCV  
  59  6:06  Widow Mine x2  
  59  6:08  Barracks  
  64  6:15  SCV  
  64  6:17  Missile Turret  
  65  6:19  Barracks  
  65  6:21  SCV, Refinery  
  65  6:23  Marine x2  
  65  6:25  Marauder  
  70  6:27  Marauder  
  70  6:28  SCV  
  70  6:31  Widow Mine  
  75  6:33  SCV  
  75  6:38  Medivac x2, Widow Mine  
  82  6:41  SCV  
  82  6:45  SCV  
  82  6:46  Marauder  
  86  6:47  Supply Depot  
  86  6:49  Supply Depot  
  86  6:59  Barracks Reactor  
  86  7:01  Missile Turret  
  86  7:06  Barracks Tech Lab  
  86  7:08  SCV x2, Medivac, Marine x2  
  86  7:09  Marauder  
  86  7:11  Widow Mine x2  
  98  7:17  Marine  
  98  7:20  SCV  
  100  7:25  Marauder  
  100  7:26  Supply Depot  
  100  7:27  Medivac  
  104  7:30  Marauder  
  104  7:31  SCV  
  104  7:34  Liberator  
  104  7:36  Marauder, SCV  
  104  7:38  Widow Mine x2  
  104  7:43  SCV  
  108  7:46  Orbital Command  
  108  7:47  Marauder  
  108  7:50  Supply Depot  
  109  7:51  Marauder  
  109  7:53  SCV  
  109  7:57  Marauder  
  109  7:58  Marine x4  
  119  8:00  SCV  
  119  8:03  Supply Depot  
  119  8:05  Refinery  
  122  8:06  Terran Infantry Armor Level 1  
  122  8:08  Refinery  
  122  8:12  Widow Mine x2  
  126  8:15  SCV  
  126  8:16  Supply Depot  
  126  8:17  Liberator  
  126  8:19  SCV x2  
  128  8:20  Liberator  
  128  8:23  Marine  
  128  8:24  Marauder, Marine  
  132  8:27  SCV, Supply Depot  
  132  8:30  Marauder  
  132  8:31  Marauder, SCV  
  144  8:47  SCV x3  
  147  8:52  Marauder x2, Marine x2  
  152  8:59  SCV x3  
  152  9:02  Supply Depot x2  
  154  9:03  Supply Depot  
  154  9:06  Liberator  
  154  9:07  Liberator  
  152  9:19  Command Center  
  155  9:29  Armory  
  158  9:32  Marine, Widow Mine x2  
  158  9:33  Marauder, Engineering Bay  
  158  9:35  Barracks x2  
  158  9:36  SCV x3, Barracks  
  158  9:38  Marine x3  
  169  9:54  Marauder x2, Marine  
  169  9:58  Supply Depot  
  169  9:59  Marine x2  
  172  10:00  Supply Depot  
  172  10:01  Supply Depot x2  
  149  10:21  Supply Depot  
Show
View Real Time Build Order
Export as new Build Order

firefly Protoss 

Build Orders: 1 Gate Expand, Blink Stalkers 

Get SALT Encoding   

  12  0:00  Probe  
  13  0:12  Probe  
  14  0:18  Pylon  
  14  0:25  Probe  
  15  0:33  Probe  
  15  0:36  Gateway  
  15  0:41  Probe  
  16  0:49  Assimilator  
  17  0:51  Probe  
  18  1:03  Probe  
  19  1:15  Probe  
  20  1:23  Nexus  
  20  1:33  Cybernetics Core  
  20  1:36  Probe  
  21  1:44  Assimilator  
  21  1:48  Probe  
  21  1:52  Pylon  
  21  2:00  Stalker  
  23  2:02  Probe  
  22  2:10  Warp Gate  
  24  2:15  Probe  
  25  2:27  Probe  
  26  2:31  Stalker  
  26  2:36  Twilight Council  
  28  2:38  Probe  
  28  2:39  Probe  
  30  2:46  Probe  
  30  2:47  Probe  
  32  2:54  Probe  
  32  2:55  Probe  
  32  2:57  Stalker  
  32  3:03  Blink  
  35  3:06  Probe  
  35  3:08  Probe  
  37  3:18  Probe  
  38  3:24  Stalker, Shield Battery  
  38  3:25  Pylon  
  40  3:37  Robotics Facility  
  40  3:38  Probe x2  
  42  3:43  Shield Battery  
  42  3:50  Probe x2  
  44  3:57  Gateway  
  44  3:58  Gateway  
  45  4:02  Probe  
  45  4:03  Probe  
  46  4:10  Stalker  
  46  4:12  Probe  
  46  4:14  Assimilator  
  46  4:15  Probe  
  50  4:20  Probe  
  50  4:26  Observer  
  50  4:27  Probe, Pylon  
  50  4:30  Pylon  
  53  4:32  Assimilator, Probe  
  54  4:38  Immortal  
  54  4:45  Probe  
  54  4:47  Stalker  
  54  4:51  Probe  
  62  4:57  Shield Battery  
  62  4:58  Probe  
  59  5:04  Stalker x2  
  61  5:08  Immortal  
  61  5:11  Stalker  
  67  5:21  Probe x2  
  56  5:31  Stalker x2  
  58  5:42  Stalker  
  51  5:44  Probe  
  53  5:50  Immortal  
  53  5:52  Probe  
  48  5:57  Probe  
  48  6:03  Probe  
  48  6:04  Robotics Bay, Forge  
  49  6:05  Stalker x2  
  49  6:06  Sentry  
  49  6:10  Probe  
  49  6:11  Probe  
  58  6:19  Probe x2  
  58  6:24  Charge  
  60  6:27  Probe  
  60  6:30  Probe  
  62  6:37  Probe  
  63  6:40  Protoss Ground Weapons Level 1  
  63  6:46  Stalker x2  
  68  6:48  Stalker  
  70  6:54  Extended Thermal Lance  
  70  6:55  Pylon  
  70  6:59  Colossus  
  69  7:13  Pylon  
  69  7:15  Pylon  
  75  7:18  Shield Battery  
  75  7:42  Nexus  
  75  7:43  Zealot x3  
  81  7:47  Gateway  
  81  7:49  Gateway  
  81  7:54  Gateway  
  81  8:01  Colossus  
  87  8:06  Probe x2  
  87  8:10  Templar Archives  
  89  8:18  Probe  
  89  8:19  Probe  
  91  8:30  Probe, Pylon  
  91  8:31  Probe  
  93  8:34  Photon Cannon  
  93  8:37  Psionic Storm  
  93  8:42  Probe  
  93  8:46  Probe  
  94  8:50  Pylon  
  94  8:54  Probe  
  95  8:55  Zealot x3  
  100  9:07  High Templar x3  
  106  9:18  Probe  
  99  9:26  Stalker x2, High Templar  
  99  9:28  Probe x2  
  99  9:30  Probe  
  108  9:36  Shield Battery  
  108  9:40  Probe x2  
  108  9:42  Probe  
  108  9:44  Assimilator  
  111  9:46  Assimilator  
  111  9:49  Zealot x4  
  111  9:52  Probe  
  100  10:04  Archon  
  77  10:13  Stalker x3  
  77  10:14  Stalker x3  
Tags
 
Add a new tag
Caveats
  • Supply blocks, unpowered buildings, or Contaminate may cause inaccurate times.
  • Supply counts are checked every 10 seconds.